 Dungeon Crawl Stone Soup version 0.29.1-2-gbd0b4ee654 (webtiles) character file.

Game seed: 10394566860942510543

47921 leafyfresh the Nimble (level 14, -8/103 HPs)
             Began as a Djinni Ice Elementalist on Nov 13, 2022.
             Was the Champion of Makhleb.
             Killed by divine providence
             ... invoked by an orc priest
             ... led by an orc knight
              (10 damage)
             ... on level 2 of the Orcish Mines.
             The game lasted 02:00:03 (24069 turns).

leafyfresh the Nimble (Djinni Ice Elementalist)    Turns: 24069, Time: 02:00:03

Health: -8/103     AC: 22    Str:  7    XL:     14   Next: 84%
Gold:   2065       EV: 15    Int: 20    God:    Makhleb [******] SH:  0 Dex: 16

rFire   + . .      SeeInvis +   b - staff of cold
rCold   + + .      Faith    .   (no shield)
rNeg    + . .      Spirit   .   U - +2 ring mail "Seipty" {rF+ rN+ Int-2 Dex+2}
rPois   ∞          Reflect  .   A - +1 hat {SInv}
rElec   .          Harm     .   h - +2 cloak
rCorr   .          Rampage  .   i - +0 pair of gloves
Will    +....                   (boots unavailable)
Stlth   ++........              I - amulet of regeneration
HPRegen 1.07/turn               d - ring of ice
MPRegen 0.00/turn               Y - ring of ice

@: ice-armoured, freezing walls, flying
A: sickness immunity, fire resistance 2, cold vulnerability 1, float, innate
caster, HP casting, extra vitality 1
a: Renounce Religion, Minor Destruction, Lesser Servant of Makhleb, Major
Destruction, Greater Servant of Makhleb


You were on level 2 of the Orcish Mines.
You worshipped Makhleb.
Makhleb was exalted by your worship.
You visited 6 branches of the dungeon, and saw 21 of its levels.
You also visited: Sewer and Bailey.

You collected 2065 gold pieces.

Inventory:

Hand Weapons
 o - the +3 mace "Earthworm" {vorpal, Str+4 Int-3 Stlth+}
   (You found it on level 2 of the Dungeon)

   It inflicts extra damage upon your enemies.
   Str:       It affects your strength (+4).
   Int:       It affects your intelligence (-3).
   Stlth:     It makes you more stealthy.
 C - a +3 scimitar of flaming
Missiles
 n - 5 curare-tipped darts
 L - 3 throwing nets
Armour
 h - a +2 cloak (worn)
 i - a +0 pair of gloves (worn)
 r - a +2 helmet
 s - the +8 crystal plate armour of the Sailor {Int+2}
   (You acquired it on level 1 of the Lair of Beasts)

   Int:       It affects your intelligence (+2).
 A - a +1 hat of see invisible (worn)
 F - a +1 robe of positive energy
 U - the +2 ring mail "Seipty" (worn) {rF+ rN+ Int-2 Dex+2}
   (You took it off an orc on level 9 of the Dungeon)

   Int:       It affects your intelligence (-2).
   Dex:       It affects your dexterity (+2).
   rF:        It protects you from fire.
   rN:        It protects you from negative energy.
 Z - a +1 robe of cold resistance
Magical Staves
 b - a staff of cold (weapon)
Jewellery
 d - a ring of ice (left hand)
 I - an amulet of regeneration (around neck)
 P - a ring of positive energy
 S - an amulet of reflection
 W - an amulet of magic regeneration
 Y - a ring of ice (right hand)
Wands
 u - a wand of mindburst (25)
 v - a wand of digging (2)
 D - a wand of roots (21)
 N - a wand of polymorph (1)
 O - a wand of charming (2)
 T - a wand of flame (16)
Scrolls
 f - 3 scrolls of butterflies
 j - 5 scrolls of immolation
 l - 3 scrolls of torment
 p - 4 scrolls of amnesia
 q - 2 scrolls of blinking
 w - 4 scrolls of enchant weapon
 y - a scroll of summoning {unknown}
 B - a scroll of brand weapon {unknown}
 J - 4 scrolls of fear
 K - 3 scrolls of poison {unknown}
 M - a scroll of silence {unknown}
Potions
 c - a potion of haste {unknown}
 e - 5 potions of berserk rage
 g - 2 potions of magic
 k - 2 potions of flight
 m - 2 potions of cancellation
 t - a potion of curing
 z - a potion of ambrosia {unknown}
 E - a potion of brilliance {unknown}
 G - 2 potions of attraction {unknown}
 H - 2 potions of degeneration {unknown}
 Q - 2 potions of lignification
 X - 4 potions of invisibility
Miscellaneous
 a - a piece from Xom's chessboard (15/15)
 x - a phial of floods (inert)


   Skills:
 - Level 10.1 Fighting
 - Level 3.2 Armour
 - Level 13.5 Dodging
 - Level 5.0 Stealth
 + Level 12.5 Spellcasting
 - Level 9.5 Invocations
 - Level 3.2 Evocations


You had 8 spell levels left.
You knew the following spells:

 Your Spells              Type           Power      Damage    Failure   Level
a - Freeze                Ice            100%       1d11      1%          1
b - Frozen Ramparts       Ice            100%       1d16      1%          3
c - Ozocubu's Armour      Ice            100%       N/A       1%          3
d - Hailstorm             Conj/Ice       100%       3d20      1%          4
e - Magic Dart            Conj           100%       1d8       1%          1
f - Blink                 Tloc           100%       N/A       1%          2
g - Vampiric Draining     Necr           58%        2d10      1%          3
h - Gell's Gravitas       Tloc           58%        N/A       1%          3
i - Blade Hands           Tmut           29%        N/A       2%          5
j - Silence               Hex/Air        29%        N/A       2%          5
Your spell library was empty.

Dungeon Overview and Level Annotations

Branches:
Dungeon (12/15)            Temple (1/1) D:6            Lair (4/5) D:9
 Shoals (1/4) Lair:3        Snake (1/4) Lair:2          Orc (2/2) D:12
    Elf (0/3) Orc:2         Sewer (visited)          Bailey (visited)
  Slime: Lair:4-5

Altars:
Ashenzari
Cheibriados
Dithmenos
Elyvilon
Fedhas
Gozag
Hepliaklqana
Makhleb
Okawaru
Ru
Trog
Uskayaw
Wu Jian
Xom
Zin

Shops:
D:9 ?   D:11 =   Orc:2 =[

Annotations:
D:12 3 runed translucent doors, Lutefisk's ghost, journeyman OpTm
Lair:3 exclusion: oklob plant
Lair:4 Nessos


Innate Abilities, Weirdness & Mutations

You are immune to sickness and miasma.
You are immune to poison.
Your flesh is very heat resistant. (rF++)
You are vulnerable to cold. (rC-)
You float through the air rather than walking.
You learn spells naturally, not from books.
Your magical power is your life essence.
You have superior vitality. (+4 MHP)


Message History

An orc high priest comes into view. It is wielding a +0 hand axe.
The orc priest invokes the aid of Beogh against you.
Beogh smites you!
Casting: Ozocubu's Armour (safe; 1% risk of failure)
Confirm with . or Enter, or press ? or * to list all spells.
Casting: Frozen Ramparts (safe; 1% risk of failure)
Press: ? - help, Dir - look around, f - activate You feel a huge surge of power!
The walls around you are covered in ice.
The wall freezes the ettin but does no damage.
The ettin barely misses you.
The ettin hits you with a +0 dire flail!!
The orc priest looks encouraged for a moment.
Casting: Frozen Ramparts (safe; 1% risk of failure)
Confirm with . or Enter, or press ? or * to list all spells.
Aiming: Vampiric Draining (safe; 1% risk of failure)
Press: ? - help, Shift-Dir - straight line, f - ettin
Aim: an ettin, wielding two +0 dire flails You draw life force from the ettin.
You feel life coursing into your body.
The wall freezes the ettin but does no damage.
The ettin hits you with a +0 dire flail!
The ettin hits you with a +0 dire flail.
The wall freezes the orc!
You kill the orc!
Makhleb accepts your kill.
You feel better.
The wall freezes the orc.
Casting: Vampiric Draining (safe; 1% risk of failure)
Confirm with . or Enter, or press ? or * to list all spells.
Aiming: Vampiric Draining (safe; 1% risk of failure)
Press: ? - help, Shift-Dir - straight line, f/p - ettin
Aim: an ettin, wielding two +0 dire flails (lightly wounded)
You draw life force from the ettin!
You feel life coursing into your body.
The wall freezes the ettin!
The ettin hits you with a +0 dire flail!!
* * * LOW HITPOINT WARNING * * *
The ettin hits you with a +0 dire flail!
* * * LOW HITPOINT WARNING * * *
The orc priest calls down the wrath of Beogh upon you.
Beogh smites you!
You die...

..∩#....#.....#
..∩#...##.....###+## ####
#.......##(..###...##..∩#
...#.....#...##..........
#........#...##...o....
..∩#....##....#....oo
..∩.....#.....##..o#
........#.....###C##
.......##....###@..#
.#8..#......## #...#
8.........### #...#
.#...#..#.#######(##
..#.....#....#'...#
....#.....#...'...#
.........#######..#
.........# #..#
..######## #++#


You could see 2 orc knights, an ettin, an orc high priest and an orc priest.

Vanquished Creatures
  Gastronok (Orc:1)
  Fannar (Lair:3)
  10 hydras
  A boulder beetle (D:12)
  Erica (D:8)
  A naga warrior (Snake:1)
  A catoblepas (Lair:3)
  4 two-headed ogres
  A death yak (Lair:1)
  A naga sharpshooter (Snake:1)
  3 ugly things
  2 orc knights (Orc:2)
  A necromancer (Lair:2)
  4 cyclopes
  2 manticores (D:11)
  4 elephants (Lair:3)
  6 black mambas
  A torpor snail (Lair:1)
  8 cane toads
  A kobold demonologist (D:11)
  5 komodo dragons
  A polar bear (Lair:2)
  Prince Ribbit (D:6)
  5 trolls
  2 slime creatures (D:12)
  3 blink frogs (Lair:1)
  8 saltlings (Orc:2)
  Sigmund (D:3)
  A vampire (D:11)
  3 shadows
  A wraith (D:12)
  Eustachio (D:4)
  36 yaks
  Grum (D:10)
  5 wyverns
  3 vampire mosquitoes (D:10)
  3 basilisks
  A steam dragon (D:9)
  2 acid dragons
  Edmund (D:5)
  6 wargs
  13 water moccasins
  An ice beast (D:7)
  19 orc warriors
  2 sky beasts
  A black bear (D:5)
  8 ogres
  5 wolves
  9 centaurs
  A phantom (D:6)
  Blork the orc (D:5)
  3 kobold brigands
  10 bullfrogs
  A necrophage (D:8)
  2 gnoll sergeants (D:8)
  2 scorpions
  9 howler monkeys
  3 electric eels
  A hound (D:6)
  A gnoll bouda (D:6)
  17 orc priests
  2 jellies (D:6)
  2 iguanas
  Jessica (D:3)
  Ijyb (D:5)
  Natasha (thrice) (D:2)
  18 orc wizards
  6 hell rats (Lair:3)
  17 gnolls
  3 adders
  A shadow imp (D:5)
  2 white imps
  An ufetubus (D:5)
  2 worms (D:5)
  2 dart slugs
  97 orcs
  12 ball pythons
  8 bats
  8 endoplasms
  7 giant cockroaches
  5 goblins
  9 hobgoblins
  16 jackals
  25 kobolds
  9 quokkas
  6 frilled lizards
  7 rats
  A river rat simulacrum (Lair:2)
  12 pillars of salt (Orc:2)
536 creatures vanquished.

Vanquished Creatures (collateral kills)
  A kobold demonologist (D:12)
  A centaur (D:10)
  2 goblins (D:10)
4 creatures vanquished.

Vanquished Creatures (others)
  2 bushes (D:9)
  11 fungi
  A pillar of salt (Orc:2)
  51 plants
65 creatures vanquished.

Grand Total: 605 creatures vanquished

Notes
Turn   | Place    | Note
-------+----------+-------------------------------------------
     0 | D:1      | leafyfresh the Djinni Ice Elementalist began the quest for
                  | the Orb.
     0 | D:1      | leafyfresh set off with the following spells memorised:
                  | Freeze, Frozen Ramparts, Ozocubu's Armour, Hailstorm.
     0 | D:1      | Reached XP level 1. HP: 15/15 MP: 0/0
   177 | D:1      | Reached XP level 2. HP: 19/21 MP: 0/0
   685 | D:1      | Reached skill level 3 in Dodging
   685 | D:1      | Reached XP level 3. HP: 24/25 MP: 0/0
   685 | D:1      | Learned a level 1 spell: Magic Dart
  1857 | D:1      | Reached XP level 4. HP: 26/31 MP: 0/0
  2500 | D:2      | Found a snail-covered altar of Cheibriados.
  2753 | D:2      | Noticed Natasha
  2764 | D:2      | Killed Natasha
  3258 | D:2      | Noticed Natasha
  3280 | D:2      | Identified the +3 mace "Earthworm" {vorpal, Str+4 Int-3
                  | Stlth+}
  3399 | D:2      | Reached skill level 4 in Dodging
  3499 | D:2      | Reached XP level 5. HP: 33/35 MP: 0/0
  3499 | D:2      | Learned a level 2 spell: Blink
  3631 | D:2      | Killed Natasha
  4057 | D:2      | Noticed Natasha
  4240 | D:2      | Killed Natasha
  4651 | D:3      | Found a shimmering altar of Xom.
  4661 | D:3      | Found a shimmering altar of Xom.
  4662 | D:3      | Found a shimmering altar of Xom.
  4662 | D:3      | Found a shimmering altar of Xom.
  4664 | D:3      | Found a shimmering altar of Xom.
  4664 | D:3      | Found a shimmering altar of Xom.
  4665 | D:3      | Found a shimmering altar of Xom.
  4705 | D:3      | Found a faded altar of an unknown god.
  4706 | D:3      | Noticed an eye of devastation
  4711 | D:3      | Noticed an eye of devastation
  4715 | D:3      | Noticed a floating eye
  4715 | D:3      | Noticed a golden eye
  4938 | D:3      | Noticed Jessica
  4942 | D:3      | Killed Jessica
  4943 | D:3      | Reached skill level 1 in Fighting
  4943 | D:3      | Reached XP level 6. HP: 34/42 MP: 0/0
  5191 | D:3      | Noticed Sigmund
  5200 | D:3      | Killed Sigmund
  5201 | D:3      | Reached skill level 5 in Dodging
  5201 | D:3      | Reached XP level 7. HP: 37/49 MP: 0/0
  5201 | D:3      | Learned a level 3 spell: Vampiric Draining
  5736 | D:4      | Identified the +1 cloak "Otepius" {rN+ Will+}
  6132 | D:4      | Noticed Eustachio
  6163 | D:4      | Killed Eustachio
  6164 | D:4      | Reached skill level 5 in Spellcasting
  6454 | D:4      | Reached skill level 6 in Dodging
  6454 | D:4      | Reached XP level 8. HP: 45/56 MP: 0/0
  6805 | D:5      | Entered Level 5 of the Dungeon
  7035 | D:5      | Found a glowing drain.
  7082 | Sewer    | Entered a sewer
  7229 | D:5      | Noticed Edmund
  7239 | D:5      | Killed Edmund
  7377 | D:5      | Found a bloodstained altar of Trog.
  7469 | D:5      | Noticed Ijyb
  7476 | D:5      | Killed Ijyb
  7776 | D:5      | Reached skill level 7 in Dodging
  7894 | D:5      | Noticed Blork the orc
  7899 | D:5      | Killed Blork the orc
  8161 | D:6      | Reached XP level 9. HP: 47/62 MP: 0/0
  8161 | D:6      | Learned a level 3 spell: Gell's Gravitas
  8256 | D:6      | Found a staircase to the Ecumenical Temple.
  8272 | Temple   | Entered the Ecumenical Temple
  8306 | Temple   | Became a worshipper of Makhleb the Destroyer
  8541 | D:6      | Found an opulent altar of Gozag.
  8595 | D:6      | Reached skill level 8 in Dodging
  8792 | D:6      | Noticed Prince Ribbit
  8813 | D:6      | Killed Prince Ribbit
  9268 | D:6      | Found a sacrificial altar of Ru.
  9317 | D:6      | Noticed an eight-headed hydra
  9446 | D:7      | Reached skill level 9 in Dodging
  9846 | D:7      | Reached * piety under Makhleb
  9950 | D:8      | Reached skill level 1 in Invocations
  9956 | D:8      | Reached skill level 5 in Fighting
  9956 | D:8      | Reached XP level 10. HP: 35/70 MP: 0/0
 10107 | D:8      | Noticed Erica
 11486 | D:9      | Reached ** piety under Makhleb
 11506 | D:9      | Noticed a two-headed ogre
 11518 | D:9      | Killed a two-headed ogre
 11556 | D:9      | Reached XP level 11. HP: 60/78 MP: 0/0
 11556 | D:9      | Learned a level 5 spell: Blade Hands
 11556 | D:9      | Identified a scroll of acquirement
 11814 | D:8      | Found an ornate altar of the Wu Jian Council.
 11884 | D:9      | Reached skill level 5 in Invocations
 11890 | D:9      | Reached skill level 5 in Stealth
 12041 | D:9      | Found a glowing silver altar of Zin.
 12047 | D:9      | Found a hide-covered altar of Uskayaw.
 12048 | D:9      | Found an iron altar of Okawaru.
 12048 | D:9      | Found a white marble altar of Elyvilon.
 12050 | D:9      | Found a blossoming altar of Fedhas.
 12077 | D:9      | Found Bongousesk's Magic Scroll Shoppe.
 12142 | D:9      | Noticed a green ugly thing
 12148 | D:9      | Killed a green ugly thing
 12171 | D:9      | Reached skill level 10 in Dodging
 12223 | D:9      | Reached *** piety under Makhleb
 12228 | D:9      | Identified the +2 ring mail "Seipty" {rF+ rN+ Int-2 Dex+2}
 12431 | D:9      | Noticed a two-headed ogre
 12770 | D:9      | Found a staircase to the Lair.
 12945 | D:9      | Killed a two-headed ogre
 13107 | D:10     | Entered Level 10 of the Dungeon
 13128 | D:10     | Reached **** piety under Makhleb
 13193 | D:10     | Noticed Grum
 13198 | D:10     | Reached skill level 11 in Dodging
 13198 | D:10     | Killed Grum
 13303 | D:10     | Found a flagged portal.
 13310 | D:10     | Reached XP level 12. HP: 43/84 MP: 0/0
 13432 | Bailey   | Entered a bailey
 14344 | D:11     | Found Zuev Tue's Jewellery Boutique.
 15024 | D:11     | Noticed a two-headed ogre
 15037 | D:11     | Killed a two-headed ogre
 15038 | D:11     | Reached skill level 12 in Dodging
 15095 | D:11     | Reached skill level 10 in Spellcasting
 15713 | Lair:1   | Entered Level 1 of the Lair of Beasts
 16371 | Lair:1   | Acquired the +8 crystal plate armour of the Sailor {Int+2}
 16493 | Lair:1   | Noticed a death yak
 16504 | Lair:1   | Reached skill level 13 in Dodging
 16515 | Lair:1   | Reached ***** piety under Makhleb
 16517 | Lair:1   | Killed a death yak
 16731 | Lair:2   | Noticed a five-headed hydra
 16743 | Lair:2   | Killed a five-headed hydra
 16744 | Lair:2   | Reached XP level 13. HP: 89/89 MP: 0/0
 16744 | Lair:2   | Learned a level 5 spell: Silence
 16996 | Lair:2   | Noticed a seven-headed hydra
 17133 | Lair:2   | Killed a seven-headed hydra
 17710 | Lair:2   | Found a staircase to the Snake Pit.
 18005 | Lair:3   | Noticed Fannar
 18018 | Lair:3   | Killed Fannar
 18093 | Lair:3   | Noticed a five-headed hydra
 18100 | Lair:3   | Killed a five-headed hydra
 18102 | Lair:3   | Noticed a six-headed hydra
 18109 | Lair:3   | Killed a six-headed hydra
 18440 | Lair:3   | Noticed a four-headed hydra
 18450 | Lair:3   | Killed a four-headed hydra
 18452 | Lair:3   | Noticed a four-headed hydra
 18460 | Lair:3   | Killed a four-headed hydra
 18588 | Lair:3   | Noticed a catoblepas
 18588 | Lair:3   | Noticed an eight-headed hydra
 18589 | Lair:3   | Noticed a seven-headed hydra
 18591 | Lair:3   | Killed an eight-headed hydra
 18592 | Lair:3   | Killed a catoblepas
 18597 | Lair:3   | Killed a seven-headed hydra
 18872 | Lair:3   | Reached skill level 10 in Fighting
 18876 | Lair:3   | Found a staircase to the Shoals.
 19435 | Lair:4   | Noticed Nessos
 19511 | Shoals:1 | Entered Level 1 of the Shoals
 19574 | Snake:1  | Entered Level 1 of the Snake Pit
 19584 | Lair:2   | Reached XP level 14. HP: 80/103 MP: 0/0
 19622 | Snake:1  | Reached skill level 1 in Armour
 19622 | Snake:1  | Reached skill level 1 in Evocations
 19940 | D:8      | Found a hazy altar of Hepliaklqana.
 20341 | D:8      | Killed Erica
 21208 | D:12     | Found a staircase to the Orcish Mines.
 21248 | D:12     | Noticed Lutefisk's ghost (journeyman OpTm)
 21260 | D:12     | Found a runed translucent gate.
 21260 | D:12     | Found a runed translucent gate.
 21261 | D:12     | Found a runed translucent gate.
 22470 | Orc:1    | Entered Level 1 of the Orcish Mines
 22698 | Orc:1    | Noticed Gastronok
 22724 | Orc:1    | Killed Gastronok
 23146 | Orc:2    | Entered Level 2 of the Orcish Mines
 23220 | Orc:2    | Reached ****** piety under Makhleb
 23343 | Orc:2    | Found a staircase to the Elven Halls.
 23387 | Orc:2    | Found Qawas's Jewellery Shop.
 24064 | Orc:2    | Found Kodehyi's Antique Armour Shoppe.
 24069 | Orc:2    | HP: 2/103 [ettin/+0 dire flail (13)]
 24069 | Orc:2    | Killed from afar by an orc priest

Illustrated notes

Levels and vault maps discovered:
D:1:      wheals_arrival_linesprint, layout_basic, minivault_14
D:2:      layout_loops_corners, basic_altar, serial_co_window_serial,
          co_window_paths_b, co_window_paths_a, co_window_paths_b,
          co_window_of_opportunity_a, co_window_of_opportunity_a,
          co_window_corner_cb, co_window_unsneaky_path_a,
          co_window_unsneaky_path_a, co_window_corner_b,
          co_window_of_opportunity_c, co_window_broadway_c, co_window_paths_e,
          co_window_4corner_a, glass_columns_b, minivault_4, uniq_natasha
D:3:      layout_basic, xom_redecorated, hellmonk_ecumenical_altar_watching_god,
          uniq_jessica, uniq_sigmund
D:4:      layout_basic, nicolae_sif_muna_condensation,
          kennysheep_generic_room_10, uniq_eustachio
D:5:      layout_basic, trog_butcher_becter, cheibrodos_sewer_entry_bend,
          minmay_misc_feat_ornament, uniq_ijyb, uniq_edmund, uniq_blork_the_orc
D:6:      kennysheep_big_flooded_room, layout_cave_pools, lemuel_tele_altar,
          mainiacjoe_overflow_catwalk, minmay_temple_entry_junction,
          chequers_ossuary_entry_cave, uniq_prince_ribbit1
D:7:      layout_basic
D:8:      layout_basic, nicolae_hepliaklqana_hazy_memory,
          nzn_wu_jian_contemplation, uniq_erica
D:9:      layout_loops_ring, minitemple, minmay_lair_entry_grove, serial_shops,
          nicolae_take_the_stairs, serial_glass, glass_columns_a,
          glass_columns_a, glass_columns_c, glass_columns_c, glass_columns_a,
          glass_columns_a, glass_columns_a, glass_columns_c, special_room
          [special_room_orc], lightli_fourway_metalbox
D:10:     layout_basic, enter_bailey_5, uniq_grum
D:11:     layout_stronghold, serial_shops, shop_fountains, serial_bayou_pond_c,
          nzn_life_drinkers
D:12:     layout_irregular_city, erik_orc_3, gammafunk_ghost_nasty_kobolds,
          serial_co_window_serial, co_window_of_opportunity_a,
          co_window_paths_b, co_window_corner_a, co_window_corner_a,
          co_window_paths_a, co_window_broadway_a, co_window_unsneaky_path_b,
          co_window_unsneaky_path_e, co_window_2corner, co_window_paths_d,
          glass_columns_c, glass_columns_b, glass_columns_a, glass_columns_a,
          glass_columns_a
Temple:   nicolae_temple_bog_church
Lair:1:   layout_regular_city, infiniplex_staircase_pool_2, grunt_megastairs_3,
          serial_bayou_shore_a
Lair:2:   layout_regular_city, dummy_snake_entry, eino_house_with_fridge
Lair:3:   nzn_winding_woodlands_large [nzn_winding_woodlands_5x5_perimeter,
          nzn_winding_woodlands_5x15_longhouse,
          nzn_winding_woodlands_5x5_open_star,
          nzn_winding_woodlands_center_diamonds,
          nzn_winding_woodlands_15x15_boxy_spiral,
          nzn_winding_woodlands_center_triple_pond,
          nzn_winding_woodlands_5x5_checkerboard,
          nzn_winding_woodlands_5x15_twine, nzn_winding_woodlands_5x5_cross],
          layout_chaotic_city, shoals_dummy_entry, uniq_fannar
Lair:4:   layout_long_grid, uniq_nessos
Shoals:1: layout_shoals, uniq_roxanne
Snake:1:  layout_rooms, special_room, grunt_ministairs_10,
          nicolae_snake_lava_pool, uniq_aizul
Orc:1:    cheibrodos_orc_guarddog, layout_diamond_mine, uniq_gastronok
Orc:2:    hellmonk_orc_salted, layout_caves, serial_shops, shop

Skill      XL: |  1  2  3  4  5  6  7  8  9 10 11 12 13 14 |
---------------+-------------------------------------------+-----
Dodging        | 3 4 5 6 7 9 11 13 | 13.5
Spellcasting   | 4 5 6 7 8 9 10 12 | 12.5
Fighting       | 1 2 3 4 5 6 10 | 10.1
Stealth        | 2 4 5 |  5.0
Invocations    | 2 4 5 9 |  9.5
Armour         | 3 |  3.2
Evocations     | 3 |  3.2

Action                   |  1- 3 |  4- 6 |  7- 9 | 10-12 | 13-15 || total
-------------------------+-------+-------+-------+-------+-------++-------
Melee: Unarmed           |    10 |    14 |       |       |    25 ||    49
       Dire flail        |       |       |     5 |    34 |       ||    39
       Staff             |       |       |       |     6 |    44 ||    50
       Punch             |       |       |       |       |     5 ||     5
 Cast: Freeze            |    55 |    49 |    70 |    19 |     2 ||   195
       Ozocubu's Armour  |       |    10 |    19 |    73 |    57 ||   159
       Frozen Ramparts   |       |     8 |    28 |    60 |    68 ||   164
       Magic Dart        |       |     2 |   114 |   201 |    77 ||   394
       Vampiric Draining |       |       |     4 |   123 |   182 ||   309
       Hailstorm         |       |       |     4 |    32 |   105 ||   141
       Blink             |       |       |     1 |       |       ||     1
       Gell's Gravitas   |       |       |       |     6 |       ||     6
       Blade Hands       |       |       |       |       |     4 ||     4
       Silence           |       |       |       |       |     1 ||     1
Invok: Lesser Servant of |       |       |       |     1 |       ||     1
       Greater Servant o |       |       |       |       |     1 ||     1
Evoke: Wand              |       |       |     1 |     2 |     1 ||     4
       Phial of floods   |       |       |       |       |     1 ||     1
  Use: Scroll            |       |     4 |     7 |     5 |    11 ||    27
       Potion            |       |       |     1 |     3 |     6 ||    10
 Stab: Sleeping          |     2 |     2 |       |     1 |     2 ||     7
Armor: Robe              |    10 |     7 |    30 |    61 |       ||   108
       Skin              |       |       |       |     7 |       ||     7
       Ring mail         |       |       |       |    11 |   145 ||   156
Dodge: Dodged            |    44 |    45 |    81 |   224 |   202 ||   596
